 Dungeon Crawl Stone Soup version 0.32-a0-18-g89e19f1974 (webtiles) character file.

Game seed: 15390166525058017232

69 bobarctor the Ruffian (level 4, -7/33 HPs)
             Began as a Demonspawn Shapeshifter on Jan 17, 2024.
             Mangled by a gnoll
             ... wielding a +0 club
              (9 damage)
             ... on level 2 of the Dungeon.
             The game lasted 00:03:35 (1362 turns).

bobarctor the Ruffian (Demonspawn Shapeshifter)     Turns: 1362, Time: 00:03:35

Health: -7/33      AC:  2    Str: 16    XL:     4   Next: 2%
Magic:  4/4        EV: 12    Int: 11    God:
Gold:   56         SH:  0    Dex: 12    Spells: 3/3 levels left

rFire   . .          .
                       - Unarmed
rCold   . . .        (no shield)
rNeg    + . .        a - +0 animal skin
rPois   .            (helmet currently unavailable)
rElec   .            (cloak currently unavailable)
rCorr   .            (gloves currently unavailable)
SInv    .            (boots currently unavailable)
Will    .....        (no amulet)
Stlth   +            o - ring of positive energy
HPRegen 0.25/turn    (no ring)
MPRegen 0.09/turn

%: no passive effects
@: beast-form
A: beast (slay +1), claws 1, sturdy frame 1
a: Begin Untransformation


You were on level 2 of the Dungeon.
You were a hulking beast.
You visited 1 branch of the dungeon, and saw 2 of its levels.

You collected 56 gold pieces.

Inventory:

Missiles
 h - 8 stones (quivered)
Armour
 a - a +0 animal skin (worn)
 m - a +0 cloak
Jewellery
 o - a ring of positive energy (left claw)
Talismans
 c - a beast talisman
 d - a flux talisman
Scrolls
 f - 3 scrolls of revelation {unknown}
 g - 2 scrolls of amnesia {unknown}
 j - 4 scrolls of identify {unknown}
 k - a scroll of teleportation {unknown}
 l - a scroll of enchant armour {unknown}
 n - a scroll of poison {unknown}
 p - a scroll of enchant weapon {unknown}
Potions
 b - a potion of lignification
 e - 2 potions of curing {unknown}
 i - a potion of heal wounds {unknown}


   Skills:
 + Level 1.9 Fighting
 + Level 2.3 Dodging
 * Level 3.5 Unarmed Combat
 + Level 3.0 Shapeshifting


You had 3 spell levels left.
You didn't know any spells.
Your spell library was empty.

Dungeon Overview and Level Annotations

Branches:
Dungeon (2/15)

Altars:


Innate Abilities, Weirdness & Mutations

You are a hulking beast.
Your limbs bulge with bestial killing power. (Slay +1)
You have sharp fingernails.
Your movements are slightly less encumbered by armour. (ER -2)


Message History

The gnoll hits you with a +0 club.
The gnoll hits you from afar with a +0 halberd.
You scratch the gnoll.
The gnoll is severely wounded.
The gnoll hits you but does no damage. The gnoll barely misses you.
You claw the gnoll!
You kill the gnoll!
The gnoll closely misses you.
Your Shapeshifting skill increases to level 3!
The gnoll closely misses you.
Things that are here:
a +0 club; a gnoll corpse You scratch the gnoll.
The gnoll is heavily wounded.
The gnoll closely misses you.
You scratch the gnoll.
The gnoll is almost dead.
The gnoll hits you with a +0 halberd!
You claw the gnoll!
You kill the gnoll!
You scratch the gnoll.
The gnoll is moderately wounded.
The gnoll barely misses you.
You closely miss the gnoll.
The gnoll is moderately wounded.
The gnoll hits you with a +0 whip.
* * * LOW HITPOINT WARNING * * *
You scratch the gnoll.
The gnoll is heavily wounded.
The gnoll hits you with a +0 whip.
* * * LOW HITPOINT WARNING * * *
You scratch the gnoll.
The gnoll is severely wounded.
You scratch the gnoll.
You kill the gnoll!
You have reached level 4!
You feel clever.
Your demonic ancestry asserts itself...
You feel less encumbered by your armour.
The gnoll attacks as it pursues you! The gnoll hits you with a +0 club!
You die...

##'## #.# #.# #
#.# #.###.###
#.# #........
##.## #####.###
##...#########.#
#..............#
##....##########
###########.#.#
......))gh....#
###############


You could see a gnoll.

Vanquished Creatures
  3 gnolls (D:2)
  An adder (D:2)
  A dart slug (D:2)
  5 bats
  3 endoplasms
  2 giant cockroaches
  2 goblins (D:2)
  A hobgoblin (D:2)
  4 kobolds
  2 quokkas
  4 ball pythons
  A frilled lizard (D:2)
  2 rats (D:2)
31 creatures vanquished.

Notes
Turn   | Place    | Note
-------+----------+-------------------------------------------
     0 | D:1      | bobarctor the Demonspawn Shapeshifter began the quest for
                  | the Orb.
     0 | D:1      | Reached XP level 1. HP: 15/15 MP: 1/1
   389 | D:1      | Found a faded altar of an unknown god.
   536 | D:1      | Gained mutation: You have sharp fingernails. [demonic
                  | ancestry]
   536 | D:1      | Reached XP level 2. HP: 20/21 MP: 2/2
   879 | D:2      | Reached XP level 3. HP: 25/26 MP: 3/3
  1358 | D:2      | HP: 1/27 [gnoll/+0 whip (5)]
  1361 | D:2      | Gained mutation: Your movements are slightly less
                  | encumbered by armour. (ER -2) [demonic ancestry]
  1361 | D:2      | Reached XP level 4. HP: 2/33 MP: 4/4
  1362 | D:2      | Mangled by a gnoll

Illustrated notes

Levels and vault maps discovered:
D:1:      reono_arrival_mine, layout_basic, shapermc_ecumenical_altar_pompeii
D:2:      layout_loops_corners, basic_altar

Skill      XL: |  1  2  3 |
---------------+----------+-----
Dodging        | 2 |  2.3
Unarmed Combat | 3 |  3.5
Shapeshifting  | 3 |  3.0
Fighting       | |  1.9

Action                     |  1- 3 |  4- 6 || total
---------------------------+-------+-------++-------
  Melee: Unarmed           |    86 |       ||    86
         Punch             |     1 |       ||     1
  Throw: Stone             |     1 |       ||     1
   Stab: Sleeping          |     1 |       ||     1
 Armour: Animal skin       |    44 |     1 ||    45
  Dodge: Dodged            |    53 |       ||    53

Table legend: (Time is in decaauts)
 A = Elapsed time spent in this place.
 B = Non-inter-level travel time spent in this place.
 C = Inter-level travel time spent in this place.
 D = Time resting spent in this place.
 E = Time spent auto-exploring this place.
 F = Levels seen in this place.
 G = Mean time per level.
                   A        B        C        D        E       F      G
               +--------+--------+--------+--------+--------+-----+--------+
         Total |   1356 |   1329 |     27 |     34 |    986 |   2 |  678.0 |
       Dungeon |   1356 |   1329 |     27 |     34 |    986 |   2 |  678.0 |
               +--------+--------+--------+--------+--------+-----+--------+

Top non-repeatable levels by time:
     D:2: 771 daAuts
     D:1: 584 daAuts
